 Dungeon Crawl Stone Soup version 0.20-a0-472-g5c05303 (webtiles) character file.

86 hairmachine the Conjurer (level 4, -1/24 HPs)
             Began as a Tengu Conjurer on Jan 14, 2017.
             Slain by an orc priest
             ... wielding a +0 flail
              (11 damage)
             ... on level 3 of the Dungeon.
             The game lasted 00:12:20 (2619 turns).

hairmachine the Conjurer (Tengu Conjurer)           Turns: 2619, Time: 00:12:21

Health: -1/24      AC:  2    Str:  8    XL:     4   Next: 49%
Magic:  0/9        EV: 13    Int: 16    God:
Gold:   159        SH:  0    Dex: 15    Spells: 2/8 levels left

rFire  . . .     SeeInvis .     r - +0 falchion
rCold  . . .     Gourm    .     a - +0 robe
rNeg   . . .     Faith    .     (no shield)
rPois  .         Spirit   .     (helmet restricted)
rElec  .         Reflect  .     (no cloak)
rCorr  .         Harm     .     (no gloves)
MR     .....                    (boots unavailable)
Stlth  ++........               (no amulet)
                                (no ring)
                                (no ring)

@: no status effects
A: beak, talons 3
a: no special abilities


You were on level 3 of the Dungeon.
You were not hungry.

You visited 1 branch of the dungeon, and saw 3 of its levels.

You collected 159 gold pieces.


Innate Abilities, Weirdness & Mutations

You have a beak for a mouth.
You have claws for feet.


   Skills:
 - Level 2.1 Dodging
 - Level 2.0 Stealth
 + Level 2.8 Spellcasting
 + Level 7.0 Conjurations


You had 2 spell levels left.
You knew the following spells:

 Your Spells              Type           Power        Failure   Level  Hunger
a - Searing Ray           Conj           ###...       1%          2    ##.....
b - Dazzling Spray        Conj/Hex       ##....       14%         3    ###....
z - Magic Dart            Conj           ###.         1%          1    #......

Inventory:

Hand Weapons
 j - a +0 dagger
   (You took it off a kobold on level 1 of the Dungeon)
 r - a +0 falchion (weapon)
   (You took it off an orc on level 3 of the Dungeon)
Missiles
 l - 29 stones (quivered)
Armour
 a - a +0 robe (worn)
Scrolls
 d - a scroll of teleportation {!r, unknown}
 e - 6 scrolls of identify {!r, unknown}
 n - 3 scrolls of blinking {!r, unknown}
 o - a scroll of remove curse {!r, unknown}
 p - a scroll of fear {!r, unknown}
Potions
 f - a potion of flight {!q, unknown}
 h - a potion of curing {!q}
 k - a potion of heal wounds {!q, unknown}
Books
 b - a book of Conjurations

   Spells                             Type                      Level
   a - Magic Dart                     Conjuration                  1
   b - Searing Ray                    Conjuration                  2
   c - Dazzling Spray                 Conjuration/Hexes            3
   d - Fulminant Prism                Conjuration/Hexes            4
   e - Iskenderun's Mystic Blast      Conjuration                  4
   f - Iskenderun's Battlesphere      Conjuration/Charms           5
Comestibles
 c - 3 bread rations
 g - 2 meat rations
 i - 2 slices of pizza
 m - 3 chunks of flesh
 q - 2 fruits

Dungeon Overview and Level Annotations

Branches:
Dungeon (3/15)

Altars:
Dithmenos
Nemelex Xobeh
Qazlal

Annotations:
D:2 exclusion: downstairs

.###.#
#.#..o'.'._.#..#
.###.#
#.##@##.##.##..#
.....#
#..###.#.###...#
###..# ##.
...#.....#.#
###..#
#.#.###..#...#
.....#
#..o.........#
###.##
#####...#####
#.# #.#.# #.#
#.#.# #.# #.#.#
#.# ....# #.# .#


You could see an orc priest.


Message History

Magic restored.
Casting: Magic Dart
Confirm with . or Enter, or press ? or * to list all spells.
Aiming: Searing Ray
Press: ? - help, Shift-Dir - straight line, f - orc priest
Aim: an orc priest, wielding a flail and wearing a chain mail (hasn't noticed you)
The searing ray hits the orc priest.
The orc priest is lightly wounded.
The orc priest shouts!
The searing ray hits the orc priest.
The orc priest is lightly wounded.
The searing ray hits the orc priest.
The orc priest is lightly wounded.
The searing ray hits the orc priest.
The orc priest is heavily wounded.
You finish channeling your searing ray.
The orc priest misses you.
Casting: Searing Ray
Confirm with . or Enter, or press ? or * to list all spells.
Aiming: Searing Ray
Press: ? - help, Shift-Dir - straight line, f/p - orc priest
Aim: an orc priest, wielding a flail and wearing a chain mail (heavily wounded)
The searing ray hits the orc priest.
The orc priest is heavily wounded.
The orc priest closely misses you.
The searing ray hits the orc priest.
The orc priest is severely wounded.
* * * LOW MAGIC WARNING * * *
The searing ray hits the orc priest.
The orc priest is severely wounded.
* * * LOW MAGIC WARNING * * *
The orc priest misses you.
Without enough magic to sustain it, your searing ray dissipates.
The orc priest closely misses you.
You barely miss the orc priest.
You claw the orc priest, but do no damage.
The orc priest is severely wounded.
The orc priest mumbles some strange prayers to Beogh against you.
You barely resist.
You hit the orc priest but do no damage.
You peck the orc priest, but do no damage.
The orc priest is severely wounded.
The orc priest closely misses you.
You hit the orc priest but do no damage.
Your kick misses the orc priest.
You peck the orc priest, but do no damage.
The orc priest is severely wounded.
The orc priest calls down the wrath of Beogh upon you.
Beogh smites you!
Ouch! That really hurt!
* * * LOW HITPOINT WARNING * * *
The orc priest hits you with a flail.
* * * LOW HITPOINT WARNING * * *
Huge Dmg: -66%(-16hp) hp: 34%(8hp)
Casting: Searing Ray
Confirm with . or Enter, or press ? or * to list all spells.
Aiming: Magic Dart
Press: ? - help, Shift-Dir - straight line, f/p - orc priest
Aim: an orc priest, wielding a flail and wearing a chain mail (severely wounded)
The magic dart hits the orc priest.
The orc priest is severely wounded.
* * * LOW MAGIC WARNING * * *
Unknown command.
You hit the orc priest but do no damage.
The orc priest is severely wounded.
The orc priest completely misses you.
The orc priest invokes the aid of Beogh against you.
You barely resist.
You hit the orc priest but do no damage.
You claw the orc priest, but do no damage.
The orc priest is severely wounded.
The orc priest hits you with a flail!
* * * LOW HITPOINT WARNING * * *
Huge Dmg: -33%(-8hp) hp: 5%(1hp) Really quaff
h - 2 cyan potions {!q}?
It was a potion of curing {!q}.
You feel better. The orc priest misses you.
You hit the orc priest but do no damage.
You peck the orc priest, but do no damage.
The orc priest is severely wounded.
The orc priest closely misses you.
Casting: Magic Dart
Confirm with . or Enter, or press ? or * to list all spells.
Aiming: Magic Dart
Press: ? - help, Shift-Dir - straight line, f/p - orc priest
Aim: an orc priest, wielding a flail and wearing a chain mail (severely wounded)
The magic dart hits the orc priest.
The orc priest is severely wounded.
* * * LOW MAGIC WARNING * * *
The orc priest misses you.
You hit the orc priest. Your kick misses the orc priest.
The orc priest is severely wounded.
The orc priest hits you but does no damage.
You hit the orc priest but do no damage.
You claw the orc priest, but do no damage.
The orc priest is severely wounded.
The orc priest barely misses you.
You barely miss the orc priest.
You claw the orc priest, but do no damage.
The orc priest is severely wounded.
The orc priest hits you with a flail!
You die...

Vault maps used:
D:1:      scummos_arrival_gate
D:2:      grunt_dithmenos_smoke, grunt_qazlal_clouds, first_bread
D:3:      nemelex_dance_club_becter, uniq_sigmund

Notes
Turn   | Place    | Note
-------+----------+-------------------------------------------
     0 | D:1      | hairmachine the Tengu Conjurer began the quest for the Orb.
     0 | D:1      | Reached XP level 1. HP: 10/10 MP: 4/4
   398 | D:1      | Reached XP level 2. HP: 15/15 MP: 4/6
   421 | D:1      | Learned a level 2 spell: Searing Ray
   536 | D:1      | Reached skill level 6 in Conjurations
  1052 | D:2      | Reached XP level 3. HP: 19/19 MP: 5/7
  1111 | D:2      | Learned a level 3 spell: Dazzling Spray
  1306 | D:2      | Found a stormy altar of Qazlal.
  1541 | D:2      | Found a shadowy altar of Dithmenos.
  1959 | D:3      | Reached XP level 4. HP: 24/24 MP: 3/8
  2511 | D:3      | Found a sparkling altar of Nemelex Xobeh.
  2529 | D:3      | Reached skill level 7 in Conjurations
  2613 | D:3      | HP: 1/24 [orc priest/flail (8)]
  2619 | D:3      | Slain by an orc priest

Vanquished Creatures
  An orc wizard (D:3)
  An ooze (D:3)
  2 worms (D:2)
  A dart slug (D:2)
  2 leopard geckos (D:1)
  5 orcs
  A ball python (D:3)
  3 hobgoblins
  2 quokkas
  4 bats
  5 frilled lizards
  6 goblins
  6 kobolds
  5 rats
44 creatures vanquished.

Action                   |  1- 3 |  4- 6 || total
-------------------------+-------+-------++-------
Melee: Dagger            |     7 |     1 ||     8
       Falchion          |       |    10 ||    10
       Kick              |       |     4 ||     4
       Peck              |       |     3 ||     3
Throw: Stone             |     5 |     1 ||     6
 Cast: Magic Dart        |    51 |    20 ||    71
       Searing Ray       |     5 |     4 ||     9
  Use: Potion            |       |     1 ||     1
 Stab: Sleeping          |     1 |       ||     1
  Eat: Chunk             |     4 |     3 ||     7
Armor: Robe              |     8 |     1 ||     9
Dodge: Dodged            |     8 |    13 ||    21
       Rpst.: Falchion   |       |     1 ||     1

Skill      XL: |  1  2  3  4 |
---------------+-------------+-----
Conjurations   | 6 7 |  7.0
Dodging        | |  2.1
Stealth        | |  2.0
Spellcasting   | |  2.8
